 Dungeon Crawl Stone Soup version 0.27-a0-1193-g8631133539 (webtiles) character file.

Game seed: 9476908218903896828

80 erik8world the Grasshopper (level 4, -5/38 HPs)
             Began as a Gnoll Warper on May 25, 2021.
             Slain by an orc
             ... wielding a +0 hand axe
              (6 damage)
             ... on level 3 of the Dungeon on May 26, 2021.
             The game lasted 00:06:19 (2175 turns).

erik8world the Grasshopper (Gnoll Warper)           Turns: 2175, Time: 00:06:20

Health: -5/38      AC:  6    Str: 11    XL:     4   Next: 39%
Magic:  11/11      EV: 11    Int: 13    God:
Gold:   103        SH:  0    Dex: 11    Spells: 13/13 levels left

rFire    . . .     SeeInvis .   a - +0 falchion
rCold    . . .     Faith    .   (no shield)
rNeg     . . .     Spirit   .   f - +0 ring mail
rPois    .         Reflect  .   (no helmet)
rElec    .         Harm     .   (no cloak)
rCorr    .         Rampage  .   (no gloves)
Will     .....                  j - +0 pair of boots
Stlth    +.........             (no amulet)
HPRegen  0.12/turn              (no ring)
MPRegen  0.12/turn              (no ring)

@: no status effects
A: fangs 1, strong nose, distributed training
a: no special abilities


You were on level 3 of the Dungeon.
You visited 1 branch of the dungeon, and saw 3 of its levels.

You collected 103 gold pieces.

Inventory:

Hand Weapons
 a - a +0 falchion (weapon)
 i - a +0 rapier
 l - a +0 dagger of speed
 m - a +0 hunting sling
Missiles
 e - 5 boomerangs of dispersal (quivered)
Armour
 b - a +0 leather armour
 f - a +0 ring mail (worn)
 j - a +0 pair of boots (worn)
 o - a +0 scale mail
Jewellery
 g - an amulet of magic regeneration
Scrolls
 d - 2 scrolls of blinking
 k - a scroll of identify {unknown}
 p - a scroll of teleportation {unknown}
 q - 2 scrolls of enchant armour {unknown}
 r - a scroll of noise {unknown}
Potions
 c - a potion of curing {unknown}
 h - a potion of flight {unknown}
 n - 2 potions of heal wounds {unknown}


   Skills:
 + Level 4.6 Fighting
 + Level 1.1 Short Blades
 + Level 4.6 Long Blades
 + Level 1.1 Axes
 + Level 1.1 Maces & Flails
 + Level 1.1 Polearms
 + Level 1.1 Staves
 + Level 1.1 Slings
 + Level 1.1 Bows
 + Level 1.1 Crossbows
 + Level 2.7 Throwing
 + Level 2.7 Armour
 + Level 4.6 Dodging
 + Level 1.1 Stealth
 + Level 1.1 Shields
 + Level 1.1 Unarmed Combat
 + Level 5.1 Spellcasting
 + Level 0.9 Conjurations
 + Level 0.9 Hexes
 + Level 0.9 Summonings
 + Level 0.9 Necromancy
 + Level 5.4 Translocations
 + Level 0.9 Transmutations
 + Level 0.9 Fire Magic
 + Level 0.9 Ice Magic
 + Level 0.9 Air Magic
 + Level 0.9 Earth Magic
 + Level 0.9 Poison Magic
 + Level 1.2 Invocations
 + Level 1.1 Evocations


You had 13 spell levels left.
You didn't know any spells.
Your spell library contained the following spells:

 Spells                   Type           Power      Damage    Failure   Level
 Blink                    Tloc           N/A        N/A       7%          2
 Gell's Gravitas          Tloc           8%         N/A       13%         3
 Lesser Beckoning         Tloc           8%         N/A       13%         3
 Teleport Other           Tloc           17%        N/A       13%         3
 Manifold Assault         Tloc           17%        N/A       77%         5


Dungeon Overview and Level Annotations

Branches:
Dungeon (3/15)

Altars:
Makhleb


Innate Abilities, Weirdness & Mutations

You have very sharp teeth.
Your uncanny sense of smell can sniff out nearby items.
Your experience applies equally to all skills.


Message History

You riposte.
You hit the orc.
You kill the orc!
The orc barely misses you. The kobold hits you but does no damage.
The orc hits you with a +0 short sword. Something hits you but does no damage.
You see here a +0 whip.
The orc hits you but does no damage. Something hits you.
The orc hits you with a +0 hand axe.
You hit the orc but do no damage. The orc hits you but does no damage.
You hear some strange, mumbled words.
You are confused.
The orc hits you with a +0 hand axe.
You're too confused to move!
The orc barely misses you.
You hear some strange, mumbled words.
A puff of flame appears from out of thin air!
The puff of flame hits you. The orc barely misses you.
You closely miss the orc. The orc hits you but does no damage.
The rat bites you but does no damage. The kobold hits you with a +0 dagger.
* * * LOW HITPOINT WARNING * * *
Something hits you but does no damage. The orc hits you with a +0 short sword.
* * * LOW HITPOINT WARNING * * *
You're too confused to move!
The rat misses you. The orc hits you with a +0 hand axe.
* * * LOW HITPOINT WARNING * * *
The kobold hits you but does no damage. Something hits you.
* * * LOW HITPOINT WARNING * * *
The orc hits you with a +0 short sword.
* * * LOW HITPOINT WARNING * * *
You are too confused!
You slash the kobold!
You kill the kobold!
You feel less confused. The rat bites you.
* * * LOW HITPOINT WARNING * * *
The orc closely misses you. Something hits you.
* * * LOW HITPOINT WARNING * * *
The orc closely misses you.
You riposte.
You hit the orc.
The orc is heavily wounded.
The orc hits you with a +0 hand axe.
You die...

.. .# .#
#######.###
......?..##
#........ #._...#
#.))o.# # ###@#.#.#
#..or.#.####
#.#.........
#.....#.#.##
##.#..#....#
#.#..#..<.# ∆ .
###.#..#....###..#
..................#
####.#.............


You could see 2 orcs and a rat.

Vanquished Creatures
  3 adders (D:2)
  3 dart slugs
  An orc (D:3)
  5 endoplasms
  A giant cockroach (D:1)
  4 goblins
  2 hobgoblins (D:1)
  2 jackals (D:1)
  5 kobolds
  A quokka (D:1)
  5 ball pythons
  4 bats
  2 frilled lizards (D:1)
  7 rats
45 creatures vanquished.

Notes
Turn   | Place    | Note
-------+----------+-------------------------------------------
     0 | D:1      | erik8world the Gnoll Warper began the quest for the Orb.
     0 | D:1      | Reached XP level 1. HP: 20/20 MP: 6/6
   437 | D:1      | Reached XP level 2. HP: 26/26 MP: 7/7
   748 | D:1      | Reached XP level 3. HP: 30/31 MP: 9/9
   768 | D:1      | Reached skill level 5 in Spellcasting
  1041 | D:1      | You fall into a shaft and drop 1 floor!
  1428 | D:2      | Reached skill level 1 in Invocations
  1501 | D:2      | Reached skill level 1 in Short Blades
  1501 | D:2      | Reached skill level 1 in Axes
  1501 | D:2      | Reached skill level 1 in Maces & Flails
  1501 | D:2      | Reached skill level 1 in Polearms
  1501 | D:2      | Reached skill level 1 in Staves
  1501 | D:2      | Reached skill level 1 in Slings
  1501 | D:2      | Reached skill level 1 in Bows
  1501 | D:2      | Reached skill level 1 in Crossbows
  1501 | D:2      | Reached skill level 1 in Stealth
  1501 | D:2      | Reached skill level 1 in Shields
  1501 | D:2      | Reached skill level 1 in Unarmed Combat
  1501 | D:2      | Reached skill level 1 in Evocations
  1523 | D:2      | Reached XP level 4. HP: 38/38 MP: 11/11
  2151 | D:3      | Found a burning altar of Makhleb.
  2175 | D:3      | HP: 1/38 [something (3)]
  2175 | D:3      | Slain by an orc

Illustrated notes

Levels and vault maps discovered:
D:1:      sevenhm_arrival_forest_fort_small_3, layout_basic, minmay_box_of_dots
D:2:      layout_loops_ring
D:3:      layout_loops_ring, lemuel_round_altar, yredelemnul_altar_generic,
          bloody_makhleb

Skill      XL: |  1  2  3 |
---------------+----------+-----
Spellcasting   | 5 |  5.1
Invocations    | 1 |  1.2
Short Blades   | 1 |  1.1
Axes           | 1 |  1.1
Maces & Flails | 1 |  1.1
Polearms       | 1 |  1.1
Staves         | 1 |  1.1
Slings         | 1 |  1.1
Bows           | 1 |  1.1
Crossbows      | 1 |  1.1
Stealth        | 1 |  1.1
Shields        | 1 |  1.1
Unarmed Combat | 1 |  1.1
Evocations     | 1 |  1.1
Fighting       | |  4.6
Long Blades    | |  4.6
Throwing       | |  2.7
Armour         | |  2.7
Dodging        | |  4.6
Conjurations   | |  0.9
Hexes          | |  0.9
Summonings     | |  0.9
Necromancy     | |  0.9
Translocations | |  5.4
Transmutations | |  0.9
Fire Magic     | |  0.9
Ice Magic      | |  0.9
Air Magic      | |  0.9
Earth Magic    | |  0.9
Poison Magic   | |  0.9

Action                   |  1- 3 |  4- 6 || total
-------------------------+-------+-------++-------
Melee: Falchion          |    80 |    40 ||   120
       Bite              |     6 |     2 ||     8
Armor: Leather armour    |     4 |       ||     4
       Ring mail         |    16 |    30 ||    46
Dodge: Dodged            |    60 |    35 ||    95
       Rpst.: Falchion   |    23 |     9 ||    32

Table legend: (Time is in decaauts)
 A = Elapsed time spent in this place.
 B = Non-inter-level travel time spent in this place.
 C = Inter-level travel time spent in this place.
 D = Time resting spent in this place.
 E = Time spent auto-exploring this place.
 F = Levels seen in this place.
 G = Mean time per level.
                   A        B        C        D        E       F      G
               +--------+--------+--------+--------+--------+-----+--------+
         Total |   2184 |   2184 |      0 |    172 |   1225 |   3 |  728.0 |
       Dungeon |   2184 |   2184 |      0 |    172 |   1225 |   3 |  728.0 |
               +--------+--------+--------+--------+--------+-----+--------+

Top non-repeatable levels by time:
     D:1: 1308 daAuts
     D:2: 838 daAuts
     D:3: 37 daAuts
